 Dungeon Crawl Stone Soup version 0.29.1-15-g9cfb28693d (webtiles) character file.

Game seed: 2311430819095215526

1559 croobank the Conjurer (level 8, -1/60 HPs)
             Began as a Gnoll Conjurer on Mar 13, 2023.
             Was an Initiate of Vehumet.
             Slain by an orc
             ... wielding a +0 short sword
              (4 damage)
             ... on level 6 of the Dungeon on Mar 14, 2023.
             The game lasted 00:24:13 (6536 turns).

croobank the Conjurer (Gnoll Conjurer)              Turns: 6536, Time: 00:24:14

Health: -1/60      AC:  6    Str:  9 (12) XL:     8   Next: 89%
Magic:  11/17      EV: 14    Int: 19 (20) God:    Vehumet [......]
Gold:   271        SH:  0    Dex: 13 (14) Spells: 9/19 levels left

rFire   + + .      SeeInvis .   z - +4 quarterstaff (chaos)
rCold   + + .      Faith    .   (shield currently unavailable)
rNeg    . . .      Spirit   .   d - +0 robe
rPois   +          Reflect  .   (no helmet)
rElec   +          Harm     .   y - +1 cloak {Will+}
rCorr   +          Rampage  .   (no gloves)
Will    +....                   s - +1 pair of boots "Sutosiz" {rElec rF+ rC+ Dex+3}
Stlth   +++.......              (no amulet)
HPRegen 0.20/turn               v - +6 ring of strength
MPRegen 0.15/turn               (no ring)

@: lethally poisoned (-1 -> -11), resistant, attractive
A: fangs 1, strong nose, distributed training
a: Renounce Religion


You were on level 6 of the Dungeon.
You worshipped Vehumet.
Vehumet was noncommittal.
You visited 2 branches of the dungeon, and saw 8 of its levels.

You collected 271 gold pieces.

Inventory:

Hand Weapons
 a - a +2 short sword of draining
 b - a +0 sling
 e - a +1 trident of protection
 w - a +1 flail of holy wrath
 z - a +4 quarterstaff of chaos (weapon)
Missiles
 o - a throwing net (quivered)
 x - a curare-tipped dart
Armour
 d - a +0 robe (worn)
 s - the +1 pair of boots "Sutosiz" (worn) {rElec rF+ rC+ Dex+3}
   (You found it on level 3 of the Dungeon)

   Dex:       It affects your dexterity (+3).
   rF:        It protects you from fire.
   rC:        It protects you from cold.
   rElec:     It insulates you from electricity.
 y - a +1 cloak of willpower (worn)
Jewellery
 v - a +6 ring of strength (left hand)
Wands
 i - a wand of mindburst (18)
 q - a wand of digging (7)
Scrolls
 c - 2 scrolls of blinking
 f - 2 scrolls of immolation
Potions
 h - 2 potions of flight
 j - a potion of mutation
 l - a potion of magic
 m - a potion of curing {unknown}
 n - a potion of brilliance {unknown}
 p - a potion of experience {unknown}
 r - a potion of berserk rage {unknown}
 u - 2 potions of degeneration


   Skills:
 + Level 3.8 Fighting
 + Level 3.8 Short Blades
 + Level 3.8 Long Blades
 + Level 3.8 Axes
 + Level 3.8 Maces & Flails
 + Level 3.8 Polearms
 + Level 3.8 Staves
 + Level 3.8 Ranged Weapons
 + Level 3.8 Throwing
 + Level 3.8 Armour
 + Level 6.0 Dodging
 + Level 5.7 Stealth
 + Level 3.8 Shields
 + Level 3.8 Unarmed Combat
 + Level 6.3 Spellcasting
 + Level 7.8 Conjurations
 + Level 3.1 Hexes
 + Level 3.1 Summonings
 + Level 3.1 Necromancy
 + Level 3.1 Translocations
 + Level 3.1 Transmutations
 + Level 3.1 Fire Magic
 + Level 3.1 Ice Magic
 + Level 3.1 Air Magic
 + Level 3.1 Earth Magic
 + Level 3.1 Poison Magic
 + Level 4.2 Invocations
 + Level 3.8 Evocations


You had 9 spell levels left.
You knew the following spells:

 Your Spells              Type           Power      Damage    Failure   Level
a - Magic Dart            Conj           100%       1d8       1%          1
b - Searing Ray           Conj           70%        2d7       1%          2
c - Dazzling Flash        Conj/Hex       52%        N/A       3%          3
d - Fulminant Prism       Conj/Hex       13%        3d9       11%         4

Your spell library contained the following spells:

 Spells                   Type           Power      Damage    Failure   Level
 Iskenderun's Mystic Bla  Conj/Tloc      26%        2d7       11%         4
 Iskenderun's Battlesphe  Conj           35%        2d9       12%         5
 Fireball                 Conj/Fire      13%        3d7       30%         5
 Conjure Ball Lightning   Conj/Air       13%        3x3d6     86%         6
 Orb of Destruction       Conj           17%        9d7       98%         7


Dungeon Overview and Level Annotations

Branches:
Dungeon (7/15)             Temple (1/1) D:5

Altars:
Ashenzari
Cheibriados
Dithmenos
Elyvilon
Hepliaklqana
Kikubaaqudgha
Makhleb
Okawaru
Ru
Sif Muna
Trog
Uskayaw
Vehumet
Wu Jian
Xom
Yredelemnul

Shops:
D:4 =

Annotations:
D:2 Sigmund


Innate Abilities, Weirdness & Mutations

You have very sharp teeth.
Your uncanny sense of smell can sniff out nearby items.
Your experience applies equally to all skills.


Message History

The scorpion stings you.
You are more poisoned.
The scorpion poisons you!
You hit the orc priest.
You feel better.
You kill the orc priest!
Vehumet accepts your kill.
You feel very sick.
The orc warrior is no longer blind.
The orc wizard is no longer blind.
The orc wizard casts a spell at you. The puff of flame hits you. You resist.
The scorpion stings you but does no damage.
You barely miss the orc.
You feel very sick. The scorpion closely misses you.
The orc wizard hits you but does no damage.
You are lethally poisoned!
The orc hits you but does no damage.
It was a potion of degeneration.
There was something very wrong with that liquid.
You feel weakened.
You feel dopey.
You feel clumsy.
* * * LOW HITPOINT WARNING * * *
You feel very sick.
The scorpion stings you but does no damage.
The orc wizard barely misses you. The orc barely misses you.
The scorpion stings you.
* * * LOW HITPOINT WARNING * * *
It was a potion of attraction.
You feel attractive to monsters.
* * * LOW HITPOINT WARNING * * *
You feel very sick. The orc wizard closely misses you.
The orc hits you but does no damage.
The scorpion stings you but does no damage.
It was a potion of resistance.
You feel protected.
* * * LOW HITPOINT WARNING * * *
You feel very sick.
The orc wizard hits you with a +2 dagger of venom.
* * * LOW HITPOINT WARNING * * *
The orc hits you with a +0 short sword.
You die...

#.........
#.........
#.........
#.........
#.........
#.........
#..o......
###o.......
#.@o....###
#..s....#
#.......#
#.......#
#.......#
#.......#
....#####
....#


You could see an orc warrior (poisoned), a scorpion, an orc wizard and an orc.

Vanquished Creatures
  A wyvern (D:7)
  Edmund (D:4)
  An ice beast (D:5)
  A black bear (D:5)
  A centaur (D:5)
  An ogre (D:4)
  A kobold brigand (D:4)
  2 necrophages
  3 scorpions (D:5)
  A bullfrog (D:7)
  3 howler monkeys (D:5)
  2 orc priests
  2 hounds
  Crazy Yiuf (D:4)
  An iguana (D:4)
  Robin (D:2)
  5 gnolls
  6 adders
  A shadow imp (D:5)
  A worm (D:3)
  4 dart slugs
  11 orcs
  6 endoplasms
  3 giant cockroaches
  13 goblins
  11 hobgoblins
  8 kobolds
  3 quokkas
  6 ball pythons
  3 bats
  5 frilled lizards
  8 rats
117 creatures vanquished.

Vanquished Creatures (others)
  A plant (D:3)
1 creature vanquished.

Grand Total: 118 creatures vanquished

Notes
Turn   | Place    | Note
-------+----------+-------------------------------------------
     0 | D:1      | croobank the Gnoll Conjurer began the quest for the Orb.
     0 | D:1      | Reached XP level 1. HP: 13/13 MP: 6/6
   210 | D:1      | Reached XP level 2. HP: 15/19 MP: 7/7
   213 | D:1      | Learned a level 2 spell: Searing Ray
   505 | D:1      | Reached skill level 5 in Spellcasting
   505 | D:1      | Reached XP level 3. HP: 25/25 MP: 5/9
   509 | D:1      | Learned a level 3 spell: Dazzling Flash
  1042 | D:2      | Noticed Sigmund
  1060 | D:2      | Reached skill level 1 in Invocations
  1325 | D:2      | Reached skill level 1 in Fighting
  1325 | D:2      | Reached skill level 1 in Short Blades
  1325 | D:2      | Reached skill level 1 in Long Blades
  1325 | D:2      | Reached skill level 1 in Axes
  1325 | D:2      | Reached skill level 1 in Maces & Flails
  1325 | D:2      | Reached skill level 1 in Polearms
  1325 | D:2      | Reached skill level 1 in Staves
  1325 | D:2      | Reached skill level 1 in Ranged Weapons
  1325 | D:2      | Reached skill level 1 in Throwing
  1325 | D:2      | Reached skill level 1 in Armour
  1325 | D:2      | Reached skill level 1 in Shields
  1325 | D:2      | Reached skill level 1 in Unarmed Combat
  1325 | D:2      | Reached skill level 1 in Evocations
  1546 | D:2      | Reached XP level 4. HP: 31/32 MP: 4/11
  1547 | D:2      | Reached skill level 1 in Hexes
  1547 | D:2      | Reached skill level 1 in Summonings
  1547 | D:2      | Reached skill level 1 in Necromancy
  1547 | D:2      | Reached skill level 1 in Translocations
  1547 | D:2      | Reached skill level 1 in Transmutations
  1547 | D:2      | Reached skill level 1 in Fire Magic
  1547 | D:2      | Reached skill level 1 in Ice Magic
  1547 | D:2      | Reached skill level 1 in Air Magic
  1547 | D:2      | Reached skill level 1 in Earth Magic
  1547 | D:2      | Reached skill level 1 in Poison Magic
  1854 | D:2      | Noticed Robin
  1859 | D:2      | Killed Robin
  1861 | D:2      | Reached XP level 5. HP: 37/37 MP: 3/12
  2144 | D:2      | Learned a level 4 spell: Fulminant Prism
  2396 | D:3      | Found a faded altar of an unknown god.
  2396 | D:3      | Identified the +1 pair of boots "Sutosiz" {rElec rF+ rC+
                  | Dex+3}
  2711 | D:3      | Found an ancient bone altar of Kikubaaqudgha.
  3572 | D:4      | Reached XP level 6. HP: 35/44 MP: 7/13
  3793 | D:4      | Reached skill level 5 in Dodging
  4137 | D:4      | Found Jeecwe Fodi's Jewellery Shoppe.
  4417 | D:4      | Noticed Edmund
  4433 | D:4      | Killed Edmund
  4434 | D:4      | Reached XP level 7. HP: 47/51 MP: 0/15
  4577 | D:4      | Found a runed translucent door.
  4578 | D:4      | Noticed Crazy Yiuf
  4642 | D:4      | Killed Crazy Yiuf
  4765 | D:5      | Entered Level 5 of the Dungeon
  4828 | D:5      | Reached skill level 5 in Stealth
  5325 | D:5      | Reached XP level 8. HP: 44/58 MP: 5/16
  5485 | D:5      | Found a staircase to the Ecumenical Temple.
  5494 | Temple   | Entered the Ecumenical Temple
  5503 | Temple   | Became a worshipper of Vehumet
  6298 | D:5      | You fall into a shaft and drop 2 floors!
  6434 | D:7      | Noticed a wyvern
  6444 | D:7      | Killed a wyvern
  6536 | D:6      | HP: 3/60 [orc wizard/+2 dagger of venom (2)]
  6536 | D:6      | Slain by an orc

Illustrated notes

Levels and vault maps discovered:
D:1:      ncdulo_smallfort, layout_loops_ring, nicolae_figureground_pulse
D:2:      layout_basic, minmay_bisected, uniq_robin, uniq_sigmund
D:3:      layout_basic, mainiacjoe_overflow_alcove_2,
          ebering_ecumenical_altar_webs, serial_bayou_crossing
D:4:      layout_loops_corners, serial_shops, shop, uniq_crazy_yiuf_cottage,
          uniq_edmund
D:5:      layout_layer_cave, minmay_temple_entry_antechambers,
          portal_sewer_entry_d
D:6:      layout_basic, jmf_multi_god_temple2
D:7:      layout_loops_ring, grunt_temple_overflow_opulence, zin_treasury,
          uniq_joseph
Temple:   nicolae_temple_no_exploring_needed

Skill      XL: |  1  2  3  4  5  6  7  8 |
---------------+-------------------------+-----
Spellcasting   | 5 6 |  6.3
Invocations    | 1 2 3 4 |  4.2
Fighting       | 1 2 3 |  3.8
Short Blades   | 1 2 3 |  3.8
Long Blades    | 1 2 3 |  3.8
Axes           | 1 2 3 |  3.8
Maces & Flails | 1 2 3 |  3.8
Polearms       | 1 2 3 |  3.8
Staves         | 1 2 3 |  3.8
Ranged Weapons | 1 2 3 |  3.8
Throwing       | 1 2 3 |  3.8
Armour         | 1 2 3 |  3.8
Shields        | 1 2 3 |  3.8
Unarmed Combat | 1 2 3 |  3.8
Evocations     | 1 2 3 |  3.8
Hexes          | 1 2 3 |  3.1
Summonings     | 1 2 3 |  3.1
Necromancy     | 1 2 3 |  3.1
Translocations | 1 2 3 |  3.1
Transmutations | 1 2 3 |  3.1
Fire Magic     | 1 2 3 |  3.1
Ice Magic      | 1 2 3 |  3.1
Air Magic      | 1 2 3 |  3.1
Earth Magic    | 1 2 3 |  3.1
Poison Magic   | 1 2 3 |  3.1
Dodging        | 5 6 |  6.0
Stealth        | 5 |  5.7
Conjurations   | |  7.8

Action                   |  1- 3 |  4- 6 |  7- 9 || total
-------------------------+-------+-------+-------++-------
Melee: Short sword       |     8 |    12 |       ||    20
       Quarterstaff      |       |       |    70 ||    70
       Bite              |       |       |     5 ||     5
Throw: Throwing net      |       |       |     1 ||     1
 Cast: Magic Dart        |    10 |    45 |     8 ||    63
       Searing Ray       |    20 |    24 |    18 ||    62
       Dazzling Flash    |       |     2 |     9 ||    11
  Use: Scroll            |       |       |     8 ||     8
       Potion            |       |       |     3 ||     3
 Stab: Sleeping          |     4 |     1 |       ||     5
       Invisible         |       |       |     3 ||     3
       Distracted        |       |       |     1 ||     1
Armor: Robe              |     1 |     1 |    32 ||    34
Dodge: Dodged            |     7 |    17 |    95 ||   119
